 Dungeon Crawl Stone Soup version 0.26.1-11-gd32895ea62 (webtiles) character file.

Game seed: 11465812675505630904

15445 DildoBatman the Geomancer (level 12, -3/87 HPs)
             Began as a Formicid Conjurer on July 24, 2021.
             Was a High Priest of Kikubaaqudgha.
             Slain by an orc warlord
             ... wielding a +0 glaive of flaming
              (6 damage)
             ... on level 2 of the Orcish Mines.
             The game lasted 01:02:40 (13485 turns).

DildoBatman the Geomancer (Formicid Conjurer)      Turns: 13485, Time: 01:02:41

Health: -3/87      AC: 19    Str: 13    XL:     12   Next: 57%
Magic:  5/23       EV: 13    Int: 18    God:    Kikubaaqudgha [*****.]
Gold:   1289       SH:  4    Dex: 13    Spells: 9/26 levels left

rFire    . . .     SeeInvis +   a - +4 scimitar
rCold    . . .     Faith    .   F - +0 buckler
rNeg     . . .     Spirit   .   o - +4 troll leather armour
rPois    .         Reflect  .   (helmet unavailable)
rElec    .         Harm     .   i - +0 cloak
rCorr    .         Rampage  .   p - +0 pair of gloves
Will     +....                  (no boots)
Stlth    ++........             r - amulet of regeneration
HPRegen  1.04/turn              h - +4 ring of protection
MPRegen  0.18/turn              j - +4 ring of protection

@: no status effects
A: permanent stasis, dig shafts and tunnels, four strong arms, antennae 3
a: Dig, Shaft Self, Renounce Religion, Receive Corpses, Torment


You were on level 2 of the Orcish Mines.
You worshipped Kikubaaqudgha.
Kikubaaqudgha was extremely pleased with you.
You visited 3 branches of the dungeon, and saw 13 of its levels.
You visited the Abyss 1 time.
You also visited: Sewer and Ossuary.

You collected 1694 gold pieces.
You spent 405 gold pieces at shops.

Inventory:

Hand Weapons
 a - a +4 scimitar (weapon)
 b - a +0 shortbow
Missiles
 d - 5 curare-tipped darts
 f - 299 stones
 k - 240 arrows
 l - 56 poisoned darts
 m - 147 sling bullets
 t - 41 bolts
 M - 7 javelins
 Q - 7 silver boomerangs
 U - 11 boomerangs
Armour
 i - a +0 cloak (worn)
 o - a +4 troll leather armour (worn)
 p - a +0 pair of gloves (worn)
 F - a +0 buckler (worn)
 N - a +2 robe of resistance
Jewellery
 e - an uncursed ring of protection from cold
 h - a +4 ring of protection (left hand)
 j - a +4 ring of protection (right hand)
 r - an amulet of regeneration (around neck)
 I - an uncursed ring of resist corrosion
Wands
 E - a wand of acid (6)
 G - a wand of flame (19)
 S - a wand of disintegration (21)
Scrolls
 g - 6 scrolls of amnesia
 n - 2 scrolls of fog
 q - a scroll of holy word {unknown}
 x - 2 scrolls of remove curse
 y - a scroll of fear
 z - a scroll of identify
 B - 3 scrolls of enchant armour
 C - a scroll of magic mapping
 J - a scroll of enchant weapon {unknown}
 T - a scroll of torment {unknown}
 V - 2 scrolls of immolation {unknown}
Potions
 c - 5 potions of flight
 s - 11 potions of curing
 u - a potion of ambrosia
 v - 5 potions of heal wounds
 w - 5 potions of brilliance
 A - 7 potions of might
 D - 3 potions of invisibility
 H - 2 potions of attraction {unknown}
 L - a potion of cancellation
 P - a potion of lignification
 R - a potion of degeneration {unknown}
Miscellaneous
 K - a lightning rod (4/4)


   Skills:
 - Level 5.9 Fighting
 - Level 6.0 Armour
 - Level 4.0 Dodging
 - Level 2.4 Stealth
 - Level 3.0 Shields
 - Level 7.6 Spellcasting
 - Level 6.0 Conjurations
 * Level 10.8 Necromancy
 - Level 12.0 Earth Magic


You had 9 spell levels left.
You knew the following spells:

 Your Spells              Type           Power        Failure   Level
a - Borgnjor's Vile Clut  Necr/Erth      23%          3%          5
c - Searing Ray           Conj           56%          1%          2
d - Vampiric Draining     Necr           22%          1%          3
f - Magic Dart            Conj           100%         1%          1
h - Dispel Undead         Necr           45%          1%          4
z - Sublimation of Blood  Necr           22%          1%          2

Your spell library contained the following spells:

 Spells                   Type           Power        Failure   Level
 Animate Skeleton         Necr           90%          1%          1
 Pain                     Necr           100%         1%          1
 Foxfire                  Conj/Fire      68%          3%          1
 Agony                    Necr           45%          4%          5
 Excruciating Wounds      Necr           22%          4%          5
 Dazzling Flash           Conj/Hex       34%          11%         3
 Fulminant Prism          Conj/Hex       8%           36%         4
 Iskenderun's Mystic Bla  Conj/Tloc      17%          36%         4
 Cause Fear               Hex            3%           77%         4
 Simulacrum               Ice/Necr       13%          91%         6
 Dragon Form              Tmut           3%           100%        7
 Dragon's Call            Summ           3%           100%        9


Dungeon Overview and Level Annotations

Branches:
Dungeon (10/15)            Temple (1/1) D:7            Lair (0/6) D:10
    Orc (2/2) D:10            Elf (0/3) Orc:2         Sewer (visited)
Ossuary (visited)

Altars:
Ashenzari
Cheibriados
Dithmenos
Elyvilon
Fedhas
Gozag
Hepliaklqana
Kikubaaqudgha
Makhleb
Nemelex Xobeh
Okawaru
Qazlal
Ru
Sif Muna
Trog
Uskayaw
Vehumet
Wu Jian
Xom
Yredelemnul
Zin
The Shining One
Beogh

Shops:
D:5 =   D:9 }   D:10 [   Orc:2 [


Innate Abilities, Weirdness & Mutations

You cannot be hasted, slowed, berserked, paralysed or teleported.
You can dig through walls and to a lower floor.
Your four strong arms can wield two-handed weapons with a shield.
You have a pair of large antennae on your head. (SInv)


Message History

The zombie hands constrict the ogre!
The orc warlord hits you with a +0 glaive of flaming.
The orc warlord burns you.
You hit the orc warlord but do no damage.
The orc warlord is severely wounded.
The zombie hands constrict the orc warlord!!
The zombie hands constrict the ogre.
You kill the ogre!
Kikubaaqudgha accepts your kill.
The orc warlord hits you with a +0 glaive of flaming.
The orc warlord burns you.
The orc warlord hits you with a +0 glaive of flaming!!
The orc warlord burns you!
You slash the orc warlord!
The orc warlord is almost dead.
The zombie hands constrict the orc warlord.
The orc warlord hits you with a +0 glaive of flaming!!
The orc warlord burns you.
You die...
Kikubaaqudgha rasps: "You have failed me!
Welcome... death!"

#.#...8...#..#.
#.#.......#...#
#.##..)..##....
#..##...##.....
##..##'##......
##...)).......
### ###))))....#.
#.## #...).......
##@##
##.........^
##o##
#...).o#.#..
##)####{{....#...
##.#..##{..#....
##.)...........
##............
#.###.##...###
##.########)##
##.o...)..##


You could see an orc warlord (clutched).

Vanquished Creatures
  4 two-headed ogres
  Sonja (Orc:2)
  2 orc knights
  4 orc sorcerers
  2 trolls
  2 wyverns
  A wraith (D:7)
  A yak (D:10)
  A steam dragon (D:10)
  A warg (Orc:2)
  A water moccasin (D:10)
  21 orc warriors
  3 black bears (D:10)
  A phantom (D:5)
  4 ice beasts
  A hornet zombie (D:6)
  7 ogres
  6 centaurs
  2 big kobolds
  8 bullfrogs
  2 wyvern skeletons
  7 scorpions
  5 killer bees (D:10)
  18 wights
  2 howler monkeys (D:7)
  3 centaur zombies (Ossuary)
  3 human zombies (Ossuary)
  A quasit (D:9)
  15 orc priests
  2 centaur skeletons
  3 hounds
  3 jellies
  25 orc wizards
  Crazy Yiuf (D:2)
  A gnoll shaman (Orc:2)
  An iron imp (Abyss:2)
  Jessica (D:1)
  Ijyb (D:5)
  2 iguanas
  2 worker ants
  4 big kobold zombies (Ossuary)
  2 hound skeletons
  3 mummies (Ossuary)
  8 gnolls
  13 adders
  6 river rats
  6 scorpion zombies (Ossuary)
  A shadow imp (D:8)
  3 white imps
  2 ufetubi
  An ooze (D:6)
  2 adder skeletons
  4 worms
  The ghost of RepoMan the Sneak, a weakling KoDe (D:5)
  8 leopard geckos
  70 orcs
  9 bats
  5 giant cockroaches
  2 gnoll zombies (Ossuary)
  11 goblins
  4 hobgoblins
  18 jackals
  3 quokkas
  12 ball pythons
  5 frilled lizards
  A goblin zombie (Ossuary)
  A hobgoblin zombie (Ossuary)
  26 kobolds
  3 kobold zombies (Ossuary)
  2 quokka zombies
  34 rats
441 creatures vanquished.

Vanquished Creatures (others)
  A hobgoblin zombie (Ossuary)
  35 fungi (D:10)
  32 plants (D:10)
  2 withered plants (D:5)
70 creatures vanquished.

Grand Total: 511 creatures vanquished

Notes
Turn   | Place    | Note
-------+----------+-------------------------------------------
     0 | D:1      | DildoBatman the Formicid Conjurer began the quest for the
                  | Orb.
     0 | D:1      | Reached XP level 1. HP: 13/13 MP: 3/3
   147 | D:1      | Reached XP level 2. HP: 19/19 MP: 0/5
   150 | D:1      | Learned a level 2 spell: Searing Ray
  1105 | D:2      | Reached XP level 3. HP: 24/24 MP: 0/6
  1390 | D:2      | Noticed Jessica
  1612 | D:2      | Found a runed translucent door.
  1613 | D:2      | Noticed Crazy Yiuf
  1700 | D:2      | Reached XP level 4. HP: 19/30 MP: 0/7
  2237 | D:3      | Reached skill level 5 in Conjurations
  2511 | D:3      | Reached XP level 5. HP: 35/35 MP: 2/8
  3361 | D:4      | Reached skill level 1 in Fighting
  3361 | D:4      | Reached skill level 1 in Armour
  3426 | D:4      | Reached XP level 6. HP: 31/43 MP: 3/9
  3588 | D:4      | Noticed an orc warrior
  3625 | D:5      | Entered Level 5 of the Dungeon
  3699 | D:5      | Noticed a wyvern
  3714 | D:5      | Found an ornate altar of the Wu Jian Council.
  3735 | D:5      | Found a runed translucent door.
  3833 | D:5      | Found a glowing drain.
  3894 | Sewer    | Entered a sewer
  4285 | Sewer    | Reached XP level 7. HP: 50/50 MP: 3/12
  4630 | D:5      | Noticed RepoMan's ghost (weakling KoDe)
  4707 | D:6      | Reached skill level 5 in Spellcasting
  4760 | D:6      | Found a sand-covered staircase.
  4793 | Ossuary  | Entered an ossuary
  4943 | Ossuary  | Reached XP level 8. HP: 52/56 MP: 5/17
  6100 | D:6      | Reached XP level 9. HP: 65/65 MP: 12/19
  6228 | D:6      | Reached skill level 1 in Shields
  6348 | D:6      | Reached skill level 5 in Armour
  6528 | D:7      | Reached skill level 5 in Fighting
  6645 | D:7      | Found a staircase to the Ecumenical Temple.
  6658 | Temple   | Entered the Ecumenical Temple
  6661 | Temple   | Became a worshipper of Kikubaaqudgha
  7072 | D:5      | Reached skill level 1 in Necromancy
  7076 | D:5      | Got a masterwork spear
  7077 | D:5      | Identified the +8 spear of Proximity {distort, +Blink} (You
                  | found it on level 5 of the Dungeon)
  7078 | D:5      | Cast into level 2 of the Abyss (unwielding a weapon of
                  | distortion)
  7137 | Abyss:2  | Noticed an apocalypse crab
  7139 | Abyss:2  | Noticed a hellephant
  7206 | Abyss:2  | Noticed a raiju
  7209 | Abyss:2  | Found a corrupted altar of Lugonu.
  7219 | Abyss:2  | Noticed a wretched star
  7229 | Abyss:2  | Noticed a thrashing horror
  7312 | D:5      | Escaped the Abyss
  7417 | D:5      | Noticed Ijyb
  7424 | D:5      | Killed Ijyb
  7443 | D:5      | Found Egutweoc's Jewellery Shoppe.
  7944 | D:5      | Reached XP level 10. HP: 27/76 MP: 11/21
  7958 | D:5      | Reached * piety under Kikubaaqudgha
  7958 | D:5      | Identified Kikubaaqudgha's Guide on Evil Rites
                  | (Kikubaaqudgha gifted it to you on level 5 of the Dungeon)
  7958 | D:5      | Received a gift from Kikubaaqudgha
  7963 | D:5      | Learned a level 2 spell: Sublimation of Blood
  7967 | D:5      | Learned a level 3 spell: Vampiric Draining
  8235 | D:2      | Killed Crazy Yiuf
  8510 | D:1      | Killed Jessica
  8601 | D:5      | Killed RepoMan's ghost
  8846 | D:7      | Reached skill level 5 in Necromancy
  9318 | D:8      | Reached ** piety under Kikubaaqudgha
  9472 | D:8      | Noticed a two-headed ogre
 10299 | D:9      | Found Gitem's Gadget Boutique.
 10867 | D:9      | Noticed a two-headed ogre
 11000 | D:9      | Reached *** piety under Kikubaaqudgha
 11000 | D:9      | Identified Kikubaaqudgha's Incunabulum of Evil Rituals
                  | (Kikubaaqudgha gifted it to you on level 9 of the Dungeon)
 11000 | D:9      | Received a gift from Kikubaaqudgha
 11021 | D:9      | Learned a level 4 spell: Dispel Undead
 11027 | D:9      | Learned a level 5 spell: Borgnjor's Vile Clutch
 11124 | D:7      | Reached skill level 1 in Earth Magic
 11124 | D:7      | Reached XP level 11. HP: 69/81 MP: 12/22
 11186 | D:8      | Killed a two-headed ogre
 11187 | D:8      | Reached skill level 3 in Earth Magic
 11301 | D:9      | Killed a two-headed ogre
 11302 | D:9      | Reached skill level 6 in Earth Magic
 11337 | D:10     | Entered Level 10 of the Dungeon
 11337 | D:10     | Found a staircase to the Orcish Mines.
 11441 | D:10     | Found a staircase to the Lair.
 11442 | D:10     | Noticed a two-headed ogre
 11458 | D:10     | Reached skill level 7 in Earth Magic
 11465 | D:10     | Killed a two-headed ogre
 11466 | D:10     | Reached skill level 8 in Earth Magic
 11700 | D:10     | Found Puhoit's Armour Emporium.
 11772 | D:10     | Reached skill level 9 in Earth Magic
 12023 | Orc:1    | Entered Level 1 of the Orcish Mines
 12073 | Orc:1    | Noticed a two-headed ogre
 12095 | Orc:1    | Killed a two-headed ogre
 12132 | Orc:1    | Reached skill level 10 in Earth Magic
 12134 | Orc:1    | Reached **** piety under Kikubaaqudgha
 12206 | Orc:1    | Noticed an orc sorcerer
 12207 | Orc:1    | Noticed an orc knight
 12225 | Orc:1    | Killed an orc sorcerer
 12251 | Orc:1    | Killed an orc knight
 12252 | Orc:1    | Reached XP level 12. HP: 57/87 MP: 1/23
 12653 | Orc:2    | Entered Level 2 of the Orcish Mines
 12713 | Orc:2    | Noticed Sonja
 12740 | Orc:2    | Found a staircase to the Elven Halls.
 12852 | Orc:2    | Reached skill level 11 in Earth Magic
 12856 | Orc:2    | Found a roughly hewn altar of Beogh.
 12880 | Orc:2    | Found Suar's Armour Boutique.
 12962 | Orc:2    | Found a roughly hewn altar of Beogh.
 13076 | Orc:2    | Killed Sonja
 13077 | Orc:2    | Reached skill level 10 in Necromancy
 13188 | Orc:2    | Bought a +2 troll leather armour for 405 gold pieces
 13256 | Orc:2    | Found a roughly hewn altar of Beogh.
 13357 | Orc:2    | Reached ***** piety under Kikubaaqudgha
 13385 | Orc:2    | Noticed an orc warlord
 13464 | Orc:2    | Noticed a sun demon
 13467 | Orc:2    | Reached skill level 12 in Earth Magic
 13485 | Orc:2    | HP: 3/87 [orc warlord/+0 glaive of flaming (21)]
 13485 | Orc:2    | Slain by an orc warlord

Illustrated notes

Levels and vault maps discovered:
D:1:      evilmike_arrival_hilbert_curve, layout_basic
D:2:      layout_basic, kennysheep_generic_room_6, uniq_crazy_yiuf_cottage,
          uniq_jessica
D:3:      layout_basic
D:4:      layout_rooms
D:5:      layout_gridville, pdpol_wu_jian_five_deadly_venoms,
          portal_sewer_entry_e, gammafunk_ghost_grave, serial_shops, shop,
          uniq_ijyb
D:6:      layout_basic, nicolae_ossuary_entry_ruins, bh_walls_and_bars
D:7:      layout_gridville, minmay_temple_entry_ruins
D:8:      layout_cave_pools
D:9:      layout_gridville, serial_shops, shop
D:10:     layout_roguey, due_lair_maze_entry_diamond, orc_0_dummy, serial_shops,
          shop
Temple:   dpeg_three_leaves_temple
Orc:1:    layout_caves
Orc:2:    grunt_orc_community_town_hall, layout_caves,
          grunt_orc_community_big_house_1, grunt_orc_community_big_house_2,
          grunt_orc_community_house_1, grunt_orc_community_house_3,
          grunt_orc_community_house_1, grunt_orc_community_house_1, uniq_sonja

Skill      XL: |  1  2  3  4  5  6  7  8  9 10 11 12 |
---------------+-------------------------------------+-----
Conjurations   | 4 5 6 |  6.0
Fighting       | 1 2 3 5 |  5.9
Armour         | 1 2 4 5 6 |  6.0
Spellcasting   | 3 6 7 |  7.6
Dodging        | 3 4 |  4.0
Shields        | 3 |  3.0
Necromancy     | 1 8 9 10 | 10.8
Earth Magic    | 1 10 12 | 12.0
Stealth        | |  2.4

Action                   |  1- 3 |  4- 6 |  7- 9 | 10-12 || total
-------------------------+-------+-------+-------+-------++-------
Melee: Short sword       |    26 |    76 |    91 |    34 ||   227
       Falchion          |       |       |    16 |       ||    16
       Scimitar          |       |       |    12 |   178 ||   190
 Cast: Magic Dart        |    44 |    43 |    19 |    19 ||   125
       Searing Ray       |     3 |    27 |    73 |    95 ||   198
       Sublimation of Bl |       |       |       |    50 ||    50
       Vampiric Draining |       |       |       |    14 ||    14
       Dispel Undead     |       |       |       |     1 ||     1
       Borgnjor's Vile C |       |       |       |    46 ||    46
 Abil: Dig               |     8 |    15 |    16 |    41 ||    80
  Use: Scroll            |       |     9 |     7 |    10 ||    26
       Potion            |       |       |     2 |       ||     2
 Stab: Sleeping          |       |       |       |     2 ||     2
Armor: Robe              |     8 |     4 |       |    47 ||    59
       Leather armour    |       |    33 |    73 |    27 ||   133
       Ring mail         |       |     1 |       |       ||     1
       Steam dragon scal |       |       |       |    63 ||    63
       Troll leather arm |       |       |       |    22 ||    22
Dodge: Dodged            |    32 |    79 |   110 |   233 ||   454
Block: Buckler           |       |       |    18 |    82 ||   100
       Rpst.: Falchion   |       |       |     6 |       ||     6
       Scimitar          |       |       |     2 |    51 ||    53
